 Seeded DCSS version 0.32-a0-898-g7811c86cf0 (webtiles) character file.

Game seed: 202404047 (custom seed)

117190 Orlauf the Impassioned (level 15, -9/129 HPs)
             Began as a Demonspawn Gladiator on Apr 4, 2024.
             Was a Priest of Uskayaw.
             Mangled by a torpor snail (29 damage)
             ... on level 1 of the Spider Nest.
             The game lasted 00:50:13 (20286 turns).

Orlauf the Impassioned (Demonspawn Gladiator)      Turns: 20286, Time: 00:50:13

Health: -9/129     AC: 17    Str: 29    XL:     15   Next: 99%
Magic:  27/27      EV: 10    Int: 15    God:    Uskayaw [***...]
Gold:   3131       SH:  0    Dex: 18    Spells: 14/14 levels left

rFire   + . .        b - +2 lajatang (elec)
rCold   x . .        (shield currently unavailable)
rNeg    . . .        C - +2 chain mail {rPois}
rPois   +            (helmet unavailable)
rElec   .            y - +0 cloak
rCorr   .            t - +1 pair of gloves {Dex+3}
SInv    +            S - +2 pair of boots "Dilitina" {Fly}
Will    +....        L - amulet of Suwniopo {Regen+ Str+3 Slay+5} Stlth
                     O - ring of Kohite {rPois rF+ rC- Str+5 Int+6}
HPRegen 1.21/turn    h - +4 ring of protection
MPRegen 0.20/turn

%: no passive effects
@: corroded, flying, slowed, wreathed by umbra, studying Invocations, very slow
A: antennae 3, powered by death 2, sharp scales 2, foul shadow 2
a: Renounce Religion, Stomp, Line Pass


You were on level 1 of the Spider Nest.
You worshipped Uskayaw.
Uskayaw was most pleased with you.
You visited 5 branches of the dungeon, and saw 24 of its levels.
You also visited: Gauntlet and Volcano.

You collected 3209 gold pieces.
You spent 78 gold pieces at shops.

Inventory:

Hand Weapons
 a - a +0 heavy quarterstaff
 b - a +2 lajatang of electrocution (weapon)
 d - a +4 quarterstaff of chaos
Missiles
 s - 3 javelins
 z - 2 throwing nets
 B - 10 silver javelins
Armour
 t - a +1 pair of gloves of dexterity (worn)
 u - +0 fire dragon scales
 y - a +0 cloak (worn)
 C - a +2 chain mail of poison resistance (worn)
 S - the +2 pair of boots "Dilitina" (worn) {Fly}
   (You acquired it on level 4 of the Lair of Beasts)

   Fly:       It grants you flight.
Jewellery
 e - a ring of willpower
 h - a +4 ring of protection (right hand)
 k - a ring of ice
 o - a +6 ring of strength
 L - the amulet of Suwniopo (around neck) {Regen+ Str+3 Slay+5}
   (You found it in a Gauntlet)

   [amulet of regeneration]

   Str+3:     It affects your strength (+3).
   Slay+5:    It affects your accuracy & damage with ranged weapons and melee
   (+5).
   Regen+:    It increases your rate of health regeneration.
 O - the ring of Kohite (left hand) {rPois rF+ rC- Str+5 Int+6}
   (You found it in a Gauntlet)

   [ring of intelligence]

   Str+5:     It affects your strength (+5).
   Int+6:     It affects your intelligence (+6).
   rF+:       It protects you from fire.
   rC-:       It makes you vulnerable to cold.
   rPois:     It protects you from poison.
 X - the ring of the Tempest {rElec Int+6 Stlth+}
   (You found it on level 4 of the Lair of Beasts)

   [ring of intelligence]

   Int+6:     It affects your intelligence (+6).
   rElec:     It insulates you from electricity.
   Stlth+:    It makes you more stealthy.
 Z - a +6 ring of dexterity
Wands
 r - a wand of flame (26)
 v - a wand of polymorph (25)
 F - a wand of paralysis (37)
 G - a wand of warping (19) (quivered)
 J - a wand of acid (4)
 Q - a wand of digging (5)
 T - a wand of mindburst (12)
Scrolls
 c - a scroll of brand weapon
 g - 3 scrolls of poison
 n - 2 scrolls of revelation
 p - 7 scrolls of vulnerability
 x - 11 scrolls of teleportation
 A - 2 scrolls of enchant armour
 D - 2 scrolls of immolation
 N - 2 scrolls of summoning
 P - 2 scrolls of silence
 R - a scroll of fog
 U - 8 scrolls of identify
 V - a scroll of blinking
Potions
 f - 8 potions of curing
 i - 2 potions of ambrosia
 j - 8 potions of brilliance
 m - a potion of cancellation
 w - a potion of berserk rage
 E - a potion of might
 I - 2 potions of enlightenment
 K - a potion of mutation
 M - a potion of magic
 Y - a potion of resistance


   Skills:
 + Level 15.2 Fighting
 - Level 14.0 Staves
 - Level 1.7 Throwing
 * Level 15.4 Armour
 - Level 2.6 Dodging
 + Level 17.0 Invocations
 * Level 9.6 Evocations


You had 14 spell levels left.
You didn't know any spells.
Your spell library contained the following spells:

 Spells                   Type           Power      Damage    Failure   Level
 Apportation              Tloc           0%         N/A       58%         1
 Freeze                   Ice            0%         1d3       58%         1
 Blink                    Tloc           0%         N/A       75%         2
 Call Imp                 Summ           0%         N/A       75%         2
 Ensorcelled Hibernation  Hex/Ice        0%         N/A       75%         2
 Jinxbite                 Hex            0%         N/A       75%         2
 Lesser Beckoning         Tloc           0%         N/A       75%         2
 Momentum Strike          Conj/Tloc      0%         3d8       75%         2
 Sublimation of Blood     Necr           0%         N/A       75%         2
 Frozen Ramparts          Ice            0%         1d1       92%         3
 Fugue of the Fallen      Necr           0%         N/A       92%         3
 Hailstorm                Conj/Ice       0%         3d5       92%         3
 Ozocubu's Armour         Ice            0%         N/A       92%         3
 Passwall                 Erth           0%         N/A       92%         3
 Sigil of Binding         Hex            0%         N/A       92%         3
 Summon Ice Beast         Ice/Summ       0%         N/A       92%         3
 Swiftness                Air            0%         N/A       92%         3
 Tukima's Dance           Hex            0%         N/A       92%         3
 Volatile Blastmotes      Fire/Tloc      0%         2d10      92%         3
 Anguish                  Hex/Necr       0%         N/A       100%        4
 Animate Armour           Summ/Erth      0%         N/A       100%        4
 Brom's Barrelling Bould  Conj/Erth      0%         2d3       100%        4
 Dimensional Bullseye     Hex/Tloc       0%         N/A       100%        4
 Fulminant Prism          Conj/Alch      0%         3d5       100%        4
 Iskenderun's Mystic Bla Conj/Tloc 0%             2d3        (+2d1     100%        4
 Martyr's Knell           Necr/Summ      0%         N/A       100%        4
 Petrify                  Alch/Erth      0%         N/A       100%        4
 Summon Lightning Spire   Summ/Air       0%         N/A       100%        4
 Alistair's Intoxication  Alch           0%         N/A       100%        5
 Fireball                 Conj/Fire      0%         3d3       100%        5
 Irradiate                Conj/Alch      0%         3d11      100%        5
 Iskenderun's Battlesphe  Conj           0%         2d6       100%        5
 Lee's Rapid Deconstruct  Erth           0%         3d4*      100%        5
 Metabolic Englaciation   Hex/Ice        0%         N/A       100%        5
 Summon Mana Viper        Hex/Summ       0%         N/A       100%        5
 Yara's Violent Unravell  Hex/Alch       0%         3d3       100%        5
 Conjure Ball Lightning   Conj/Air       0%         3x3d6     100%        6
 Death Channel            Necr           0%         N/A       100%        6
 Eringya's Noxious Bog    Alch           0%         4d6       100%        6
 Sculpt Simulacrum        Ice/Alch       0%         N/A       100%        6
 Haunt                    Necr/Summ      0%         N/A       100%        7
 Monstrous Menagerie      Summ           0%         N/A       100%        7
 Orb of Destruction       Conj           0%         9d5       100%        7


Dungeon Overview and Level Annotations

Branches:
Dungeon (15/15)            Temple (1/1) D:5            Lair (5/5) D:9
 Shoals (0/4) Lair:2       Spider (1/4) Lair:2        Slime (0/5) Lair:5
    Orc (2/2) D:12            Elf (0/3) Orc:2        Vaults (0/5) D:14
 Depths (0/4) D:15        Volcano (visited)         Gauntlet (visited)

Altars:
Ashenzari
Cheibriados
Dithmenos
Fedhas
Gozag
Hepliaklqana
Kikubaaqudgha
Makhleb
Nemelex Xobeh
Okawaru
Qazlal
Ru
Sif Muna
Trog
Uskayaw
Vehumet
Wu Jian
Xom
Yredelemnul
Beogh
Jiyva
Lugonu

Shops:
D:9 *   D:15 !   Orc:2 [*(=

Portals:
Abyss: Lair:5
Trove: D:11 (give 3 scrolls of blinking)


Innate Abilities, Weirdness & Mutations

You have a pair of large antennae on your head. (SInv)
You regenerate health from kills.
You are mostly covered in razor-sharp scales. (AC +2, Slay +2)
You are shadowed, sometimes releasing foul flame when damaged in melee.


Message History

The redback bites you but does no damage.
The moth of wrath bites you.
Okay, then.
As you read the scroll of fear, it crumbles to dust.
You assume a fearsome visage.
The torpor snail is unaffected.
The moth of wrath looks frightened!
The entropy weaver looks frightened!
The jumping spider is unaffected.
The redback looks frightened! x2
You feel extremely sick. The jumping spider pounces on you!
* * * LOW HITPOINT WARNING * * *
The jumping spider is seared by the foul flame within you.
The jumping spider is lightly wounded.
The jumping spider bites you but does no damage.
The jumping spider barely misses you. x2; The torpor snail closely misses you.
The jumping spider barely misses you. x2; The torpor snail closely misses you.
Uskayaw will force your foes to helplessly watch your dance.
Uskayaw prepares the audience for your solo!
You feel better.
The helpless torpor snail fails to defend itself.
You slice the torpor snail!!
The torpor snail is moderately wounded.
The torpor snail is no longer paralysed.
The entropy weaver is no longer paralysed.
The redback is no longer paralysed.
The torpor snail bites you!!
* * * LOW HITPOINT WARNING * * *
You hit the torpor snail.
The torpor snail is heavily wounded.
The redback is no longer paralysed.
The torpor snail bites you but does no damage. x2
You slash the torpor snail!
Lightning courses through the torpor snail!
The torpor snail is severely wounded.
The moth of wrath is no longer paralysed.
The jumping spider is no longer paralysed.
The jumping spider barely misses you.
The jumping spider bites you but does no damage.
The jumping spider closely misses you. The jumping spider barely misses you.
The torpor snail bites you!!
You die...
Your body falls in perfect tune with the rhythm.

## ^## #########
..### ##.
####....#..#
....###..
.#.........
....##...
#..........
......^..
#.....y....
.....#...
#..........
.....##^.
####.sw.......
.....#
#.##...#.@......s
....^#
#..#####...^....
....#####.##
#.###..s.
...###..#.# ##.
### ..###...#.#
.. ####......##
..{, ##.....#.#
.#.. #.......##
..###.
#.#.......## ..#


You could see a torpor snail (berserk), a moth of wrath (fleeing), a jumping
spider (berserk) and 2 redbacks.

Vanquished Creatures
  Jorgrun (D:13)
  Rupert (D:13)
  A tentacled starspawn (Lair:4)
  Kirke (Lair:4)
  Roxanne (D:15)
  An orc warlord (Orc:2)
  Nessos (D:13)
  A minotaur (Gauntlet)
  A red draconian (Volcano)
  An ettin (D:15)
  An entropy weaver (shapeshifter) (Lair:5)
  A vault guard (D:14)
  3 entropy weavers (Spider:1)
  A jorogumo (Spider:1)
  3 centaur warriors
  Harold (D:11)
  5 hydras
  An anaconda (Lair:5)
  An ogre mage (Orc:2)
  2 catoblepae
  A dancing weapon (D:14)
  5 two-headed ogres
  A boulder beetle (Lair:3)
  An orc high priest (Orc:2)
  2 tengu warriors
  4 thrashing horrors (Lair:5)
  2 demonic crawlers
  A hell knight (D:15)
  3 sixfirhies (Gauntlet)
  Amaemon (Lair:2)
  4 skeletal warriors (D:14)
  A pharaoh ant (Spider:1)
  An arcanist (D:14)
  A lindwurm (Lair:3)
  2 necromancers (D:15)
  6 deep elf pyromancers
  4 wolf spiders
  4 orc knights (Orc:2)
  3 orc sorcerers (Orc:2)
  3 manticores
  3 cyclopes
  An oklob plant (Lair:3)
  A salamander (Volcano)
  A meliai (shapeshifter) (Lair:5)
  An orange demon (Lair:2)
  13 elephants
  3 black mambas
  2 smoke demons (Lair:5)
  11 cane toads
  2 kobold blastminers
  3 molten gargoyles (Volcano)
  4 gargoyles
  2 torpor snails
  An unseen horror (D:10)
  3 large abominations (Lair:5)
  2 kobold demonologists
  5 rime drakes
  14 komodo dragons
  An efreet (D:15)
  5 trolls
  3 polar bears
  A queen bee (Gauntlet)
  4 tarantellas (Spider:1)
  A raiju (Lair:5)
  3 jumping spiders (Spider:1)
  36 blink frogs
  A hornet (D:10)
  A jumping spider (shapeshifter) (D:13)
  16 slime creatures
  3 shadows
  A water elemental (D:14)
  A ynoxinul (Lair:5)
  2 wraiths (D:13)
  3 culicivoras (Spider:1)
  2 vampires
  5 wyverns
  48 yaks
  A human (Lair:4)
  7 basilisks
  16 redbacks
  7 hogs (Lair:4)
  3 wargs
  3 vampire mosquitoes (D:12)
  A chaos spawn (Lair:5)
  Menkaure (D:5)
  14 water moccasins
  22 orc warriors
  3 black bears
  4 ice beasts
  Duvessa (D:5)
  10 ogres
  10 small abominations (Lair:5)
  6 wolves
  6 centaurs
  2 phantoms (D:5)
  4 kobold brigands
  12 bullfrogs
  4 scorpions (Lair:2)
  A hornet simulacrum (D:15)
  18 wights
  Dowan (D:5)
  6 killer bees (Gauntlet)
  3 electric eels
  A bombardier beetle (D:5)
  A jelly (D:4)
  Crazy Yiuf (D:7)
  5 hounds
  20 orc priests
  5 gnoll boudas
  Jessica (D:2)
  24 orc wizards
  2 iguanas
  2 sleepcaps (D:5)
  5 hell rats (Lair:3)
  Natasha (thrice) (D:3)
  29 gnolls
  5 adders
  5 white imps
  2 ribbon worms
  5 dart slugs
  69 orcs
  6 ball pythons
  5 endoplasms
  7 giant cockroaches
  7 goblins
  9 hobgoblins
  17 jackals
  19 kobolds
  6 quokkas
  6 bats
  3 frilled lizards
  2 rats
726 creatures vanquished.

Vanquished Creatures (others)
  An orc wizard (D:8)
  An orc (Orc:2)
2 creatures vanquished.

Grand Total: 728 creatures vanquished

Notes
Turn   | Place    | Note
-------+----------+-------------------------------------------
     0 | D:1      | Orlauf the Demonspawn Gladiator began the quest for the
                  | Orb.
     0 | D:1      | Reached XP level 1. HP: 16/16 MP: 1/1
   104 | D:1      | Gained mutation: You are faintly shadowed, very rarely
                  | releasing foul flame when damaged in melee. [demonic
                  | ancestry]
   104 | D:1      | Reached XP level 2. HP: 7/22 MP: 2/2
   543 | D:1      | Gained mutation: You regenerate a little health from kills.
                  | [demonic ancestry]
   543 | D:1      | Reached XP level 3. HP: 19/28 MP: 3/3
   629 | D:1      | Found a faded altar of an unknown god.
   933 | D:2      | Noticed Jessica
   941 | D:2      | Killed Jessica
   942 | D:2      | Gained mutation: You regenerate health from kills. [demonic
                  | ancestry]
   942 | D:2      | Reached XP level 4. HP: 28/35 MP: 4/4
  1564 | D:3      | Found an ancient bone altar of Kikubaaqudgha.
  1652 | D:3      | Noticed an angel
  1796 | D:3      | Noticed Natasha
  1799 | D:3      | Killed Natasha
  2059 | D:3      | Noticed Natasha
  2066 | D:3      | Reached XP level 5. HP: 41/41 MP: 5/5
  2076 | D:3      | Killed Natasha
  2122 | D:3      | Reached skill level 5 in Staves
  2657 | D:3      | Noticed Natasha
  2666 | D:3      | Killed Natasha
  2748 | D:4      | Reached XP level 6. HP: 48/48 MP: 6/6
  3170 | D:4      | Reached XP level 7. HP: 53/55 MP: 7/7
  3449 | D:5      | Entered Level 5 of the Dungeon
  3449 | D:5      | Noticed Duvessa
  3449 | D:5      | Noticed Dowan
  3659 | D:5      | Noticed a yak
  3666 | D:5      | Noticed a yak
  3667 | D:5      | Noticed a yak
  3668 | D:5      | Noticed a yak
  3670 | D:5      | Noticed a yak
  3678 | D:5      | Killed a yak
  3679 | D:5      | Reached skill level 5 in Fighting
  3698 | D:5      | Killed a yak
  3709 | D:5      | Killed a yak
  3716 | D:5      | Killed a yak
  3717 | D:5      | Reached XP level 8. HP: 28/64 MP: 8/8
  3724 | D:5      | Found a burning altar of Makhleb.
  4083 | D:5      | Noticed Menkaure
  4090 | D:5      | Killed Menkaure
  4246 | D:5      | Found a staircase to the Ecumenical Temple.
  4256 | Temple   | Entered the Ecumenical Temple
  4272 | Temple   | Became a worshipper of Uskayaw the Reveller
  4665 | D:5      | Reached * piety under Uskayaw
  4670 | D:5      | Killed Duvessa
  4673 | D:5      | Reached ** piety under Uskayaw
  4676 | D:5      | Killed Dowan
  4676 | D:5      | Reached *** piety under Uskayaw
  4900 | D:6      | Reached skill level 1 in Armour
  4900 | D:6      | Reached skill level 1 in Invocations
  4900 | D:6      | Gained mutation: You have a pair of small antennae on your
                  | head. [demonic ancestry]
  4900 | D:6      | Reached XP level 9. HP: 72/72 MP: 9/9
  5071 | D:6      | Found a basalt altar of Yredelemnul.
  5162 | D:6      | Reached **** piety under Uskayaw
  5165 | D:6      | Reached ***** piety under Uskayaw
  5166 | D:6      | Reached skill level 2 in Invocations
  5291 | D:6      | Found a stormy altar of Qazlal.
  5291 | D:6      | Found an ornate altar of the Wu Jian Council.
  5291 | D:6      | Found a broken altar of Ashenzari.
  5810 | D:7      | Reached skill level 3 in Invocations
  5909 | D:7      | Found a runed translucent door.
  5910 | D:7      | Noticed Crazy Yiuf
  5946 | D:7      | Killed Crazy Yiuf
  6462 | D:7      | Reached skill level 4 in Invocations
  6591 | D:7      | Found a bloodstained altar of Trog.
  6695 | D:7      | Identified the +4 sling "Cirphilu" {antimagic, rElec Will-
                  | Dex+5}
  7744 | D:9      | Gained mutation: You are shadowed, sometimes releasing foul
                  | flame when damaged in melee. [demonic ancestry]
  7744 | D:9      | Reached XP level 10. HP: 80/80 MP: 13/13
  7793 | D:9      | Identified a scroll of acquirement
  7793 | D:9      | Acquired a +1 lajatang of electrocution
  7854 | D:9      | Reached skill level 5 in Invocations
  7859 | D:9      | Reached ****** piety under Uskayaw
  7876 | D:9      | Found a staircase to the Lair.
  7993 | D:9      | Found Woinliph's Changing Room.
  8178 | D:9      | Reached skill level 10 in Staves
  8340 | D:10     | Entered Level 10 of the Dungeon
  8425 | D:10     | Reached skill level 6 in Invocations
  8480 | D:10     | Reached skill level 10 in Fighting
  8773 | D:10     | Reached skill level 5 in Armour
  8773 | D:10     | Reached skill level 7 in Invocations
  9054 | D:10     | Paralysed by a hornet for 3 turns
  9060 | D:10     | Gained mutation: You are partially covered in razor-sharp
                  | scales. (AC +1, Slay +1) [demonic ancestry]
  9060 | D:10     | Reached XP level 11. HP: 60/92 MP: 16/16
  9488 | D:11     | Found a gate leading to a gauntlet.
  9495 | Gauntlet | Entered a Gauntlet
  9495 | Gauntlet | Found a transporter.
  9495 | Gauntlet | Found a transporter.
  9497 | Gauntlet | Found a transporter.
  9497 | Gauntlet | Found a transporter.
  9500 | Gauntlet | Found a transporter.
  9533 | Gauntlet | Found a transporter.
  9533 | Gauntlet | Noticed a five-headed hydra
  9536 | Gauntlet | Found a transporter.
  9536 | Gauntlet | Found a transporter.
  9538 | Gauntlet | Noticed a sixfirhy
  9547 | Gauntlet | Noticed a ghost crab
  9549 | Gauntlet | Found a transporter.
  9564 | Gauntlet | Noticed a sixfirhy
  9565 | Gauntlet | Found a transporter.
  9565 | Gauntlet | Noticed a sixfirhy
  9575 | Gauntlet | Found a transporter.
  9575 | Gauntlet | Noticed a thrashing horror
  9589 | Gauntlet | Found a transporter.
  9610 | Gauntlet | Found a transporter.
  9623 | Gauntlet | Found a transporter.
  9786 | Gauntlet | Identified the amulet of Suwniopo {Regen+ Str+3 Slay+5}
  9800 | Gauntlet | Killed a five-headed hydra
  9919 | Gauntlet | Killed a sixfirhy
  9921 | Gauntlet | Killed a sixfirhy
  9922 | Gauntlet | Reached skill level 8 in Invocations
  9922 | Gauntlet | Killed a sixfirhy
  9935 | Gauntlet | Identified the ring of Kohite {rPois rF+ rC- Str+5 Int+6}
  9957 | Gauntlet | Identified the staff of Chance {rC- rN+ Will- Str+4 Necro
                  | Earth}
  9957 | Gauntlet | Noticed a minotaur
  9961 | Gauntlet | Killed a minotaur
  9977 | Gauntlet | Got the Book of Command
 10413 | D:11     | Noticed a two-headed ogre
 10418 | D:11     | Killed a two-headed ogre
 10444 | D:11     | Noticed Harold
 10453 | D:11     | Killed Harold
 10454 | D:11     | Reached skill level 9 in Invocations
 10515 | D:11     | Found a portal to a secret trove of treasure.
 11107 | D:12     | Gained mutation: You have a pair of antennae on your head.
                  | [demonic ancestry]
 11107 | D:12     | Reached XP level 12. HP: 102/102 MP: 18/18
 11154 | D:12     | Found a staircase to the Orcish Mines.
 11235 | D:12     | Identified the +4 flail of the Shining Light {drain, rPois
                  | rN+ Str+3 Dex+3}
 11962 | Lair:1   | Entered Level 1 of the Lair of Beasts
 12048 | Lair:1   | Reached skill level 10 in Invocations
 12715 | Lair:2   | Found a staircase to the Shoals.
 12786 | Lair:2   | Got the Anthology of Concoctions
 12851 | Lair:2   | Reached skill level 11 in Invocations
 12861 | Lair:2   | Noticed a five-headed hydra
 12873 | Lair:2   | Killed a seven-headed hydra
 12874 | Lair:2   | Gained mutation: You are mostly covered in razor-sharp
                  | scales. (AC +2, Slay +2) [demonic ancestry]
 12874 | Lair:2   | Reached XP level 13. HP: 82/111 MP: 21/21
 13004 | Lair:2   | Found a hole to the Spider Nest.
 13183 | Lair:2   | Noticed Amaemon
 13201 | Lair:2   | Killed Amaemon
 13519 | Lair:3   | Identified the +7 orcbow of Sutix {drain, *Corrode Will+
                  | Dex+4}
 13620 | Lair:3   | Reached skill level 12 in Invocations
 13657 | Lair:3   | Found a dark tunnel.
 13671 | Volcano  | Entered a volcano
 13768 | Volcano  | Noticed an orb of fire
 13768 | Volcano  | Noticed an orb of fire
 13801 | Volcano  | Noticed a red draconian
 13811 | Volcano  | Killed a red draconian
 14508 | Lair:4   | Noticed Kirke
 14537 | Lair:4   | Killed Kirke
 14538 | Lair:4   | Reached skill level 1 in Evocations
 14626 | Lair:4   | Gained mutation: You have a pair of large antennae on your
                  | head. (SInv) [demonic ancestry]
 14626 | Lair:4   | Reached XP level 14. HP: 118/119 MP: 23/23
 14762 | Lair:4   | Acquired the +2 pair of boots "Dilitina" {Fly}
 14817 | Lair:4   | Reached skill level 10 in Armour
 14863 | Lair:4   | Identified the ring of the Tempest {rElec Int+6 Stlth+}
 15160 | Lair:4   | Found a runed translucent door.
 15174 | Lair:4   | Noticed a tentacled starspawn
 15197 | Lair:4   | Killed a tentacled starspawn
 15208 | Lair:4   | Acquired 916 gold pieces
 15210 | Lair:4   | Acquired a manual of Invocations
 15278 | Lair:5   | Entered Level 5 of the Lair of Beasts
 15285 | Lair:5   | Reached skill level 13 in Invocations
 15459 | Lair:5   | Found a viscous altar of Jiyva.
 15460 | Lair:5   | Found a staircase to the Slime Pits.
 15739 | Lair:5   | Reached skill level 14 in Invocations
 15767 | Lair:5   | Identified the +0 scale mail of Bedazzled Fun {SInv}
 15800 | Lair:5   | Reached skill level 5 in Evocations
 15823 | Lair:5   | Found a corrupted altar of Lugonu.
 15823 | Lair:5   | Found a one-way gate to the infinite horrors of the Abyss.
 15841 | Lair:5   | Got an earthy gem with 408 turns to spare
 16526 | Orc:1    | Entered Level 1 of the Orcish Mines
 16893 | Orc:2    | Entered Level 2 of the Orcish Mines
 17058 | Orc:2    | Reached skill level 15 in Invocations
 17062 | Orc:2    | Noticed an orc warlord
 17065 | Orc:2    | Killed an orc warlord
 17066 | Orc:2    | Reached XP level 15. HP: 127/127 MP: 17/26
 17066 | Orc:2    | Found a roughly hewn altar of Beogh.
 17066 | Orc:2    | Found Ciavoim's Antique Weapon Boutique.
 17255 | Orc:2    | Found a staircase to the Elven Halls.
 17589 | Orc:2    | Found Ickeicis's Jewellery Boutique.
 17705 | Orc:2    | Found Rofroigh's General Store.
 17720 | Orc:2    | Found Xaigarerr's Antique Armour Boutique.
 18054 | D:13     | Noticed Jorgrun
 18078 | D:13     | Killed Jorgrun
 18085 | D:13     | Noticed Rupert
 18094 | D:13     | Paralysed by Rupert for 4 turns
 18106 | D:13     | Killed Rupert
 18125 | D:13     | Identified the staff of the Absolute Madman {rF- rC+++ rN+
                  | Int-5 Stlth+ Necro Alchemy}
 18313 | D:13     | Noticed Nessos
 18320 | D:13     | Killed Nessos
 18585 | D:14     | Reached skill level 16 in Invocations
 18789 | D:14     | Found a gate to the Vaults.
 18836 | D:14     | Reached skill level 15 in Fighting
 18837 | D:14     | Found an iron altar of Okawaru.
 19116 | D:15     | Entered Level 15 of the Dungeon
 19124 | D:15     | Noticed Roxanne
 19142 | D:15     | Killed Roxanne
 19310 | D:15     | Found Keighis's Distillery.
 19316 | D:15     | Bought a potion of curing for 39 gold pieces
 19316 | D:15     | Bought a potion of curing for 39 gold pieces
 19573 | D:15     | Found a staircase to the Depths.
 19587 | D:15     | Reached skill level 15 in Armour
 19910 | Spider:1 | Entered Level 1 of the Spider Nest
 20170 | Spider:1 | Reached skill level 17 in Invocations
 20286 | Spider:1 | Mangled by a torpor snail

Illustrated notes

Levels and vault maps discovered:
D:1:      dpeg_arrival_refuge, layout_basic,
          hellmonk_ecumenical_altar_pennies_from_heaven, st_stairs_10
D:2:      layout_rooms, grunt_ministairs_10, serial_bayou_pond_e, uniq_jessica
D:3:      layout_loops_corners, nicolae_kikubaaqudgha_miasma_corner, zin_angel,
          uniq_natasha
D:4:      minmay_opposing_rooms, layout_cave_pools
D:5:      layout_loops_ring, mainiacjoe_overflow_cross_hatched, temple_hall,
          uniq_menkaure, uniq_duvessa
D:6:      layout_basic, grunt_temple_overflow_open, kennysheep_mini_moat
D:7:      layout_basic, lemuel_tele_altar, minmay_misc_feat_tiny,
          uniq_crazy_yiuf_cottage
D:8:      layout_cave_pools
D:9:      layout_basic, hellmonk_lair_entry_icy, nicolae_transmutations_shop,
          minivault_19
D:10:     layout_loops_corners, st_stairs_4, amcnicky_mini_rare_corridor_liquid,
          serial_library_hellmonk_room_a
D:11:     layout_basic, nicolae_trove_entry_crystal, gauntlet_entry_generic,
          uniq_harold
D:12:     layout_basic, erik_orc_3, drop_trap
D:13:     layout_cave_pools, uniq_nessos, uniq_jorgrun, uniq_rupert
D:14:     layout_rooms, erik_vaults_1, chequers_big_river,
          kennysheep_okawaru_gauntlet
D:15:     hangedman_depths_entry_civil_slaughter, layout_long_grid,
          kennysheep_pointless_box, serial_shops, shop,
          serial_library_hellmonk_hallway_b, uniq_roxanne
Temple:   dpeg_chambers_temple
Lair:1:   layout_chaotic_city, minivault_26, minivault_11,
          grunt_forest_small_clearing_treed, infiniplex_staircase_pool
Lair:2:   layout_concentric_octagons, elwin_shoals_entry_rooms,
          nicolae_spider_entry_non_spiders, nicolae_quartered_pool_medium,
          uniq_amaemon
Lair:3:   layout_misc_corridors, nicolae_volcano_entry_vermiform,
          chequers_serial_rivers_marsh, minmay_lair_oklob_items, st_stairs_4
Lair:4:   layout_misc_corridors, pdpol_lair_cabin_in_the_woods,
          grunt_megastairs_1, lemuel_fruit_tree, uniq_kirke
Lair:5:   hellmonk_lair_end_abyssal_woods, layout_regular_city, slime_entry_1,
          chequers_serial_rivers_small_a, hellmonk_talismancer,
          grunt_megastairs_3
Spider:1: layout_chambers
Orc:1:    layout_diamond_mine
Orc:2:    grunt_orc_cross, layout_diamond_mine

Skill      XL: |  1  2  3  4  5  6  7  8  9 10 11 12 13 14 15 |
---------------+----------------------------------------------+-----
Staves         | 3 4 5 6 7 9 10 11 12 14 | 14.0
Fighting       | 3 4 5 7 9 10 12 13 14 15 | 15.2
Armour         | 1 3 5 6 7 9 13 15 | 15.4
Invocations    | 1 4 7 9 11 12 15 17 | 17.0
Evocations     | 1 6 9 |  9.6
Throwing       | |  1.7
Dodging        | |  2.6

Action                     |  1- 3 |  4- 6 |  7- 9 | 10-12 | 13-15 || total
---------------------------+-------+-------+-------+-------+-------++-------
  Melee: Quarterstaff      |    79 |   238 |   465 |    25 |    15 ||   822
         Lajatang          |       |       |       |   411 |   960 ||  1371
  Throw: Throwing net      |       |       |     3 |       |       ||     3
         Dart              |       |       |       |       |     1 ||     1
 Invoke: Grand Finale      |       |       |       |       |     4 ||     4
         Line Pass         |       |       |       |       |     1 ||     1
  Evoke: Wand              |       |       |     1 |     2 |    11 ||    14
    Use: Scroll            |     2 |     5 |     8 |     9 |     8 ||    32
         Potion            |       |     1 |     8 |     3 |     6 ||    18
   Stab: Held in net/web   |       |       |     2 |       |       ||     2
         Paralysed         |       |       |    16 |    45 |    91 ||   152
 Armour: Leather armour    |    53 |       |       |       |       ||    53
         Chain mail        |    64 |   202 |   376 |   289 |   997 ||  1928
         Plate armour      |       |       |       |   164 |       ||   164
         Fire dragon scale |       |       |       |       |    19 ||    19
  Dodge: Dodged            |    48 |   132 |   208 |   180 |   535 ||  1103

Table legend: (Time is in decaauts)
 A = Elapsed time spent in this place.
 B = Non-inter-level travel time spent in this place.
 C = Inter-level travel time spent in this place.
 D = Time resting spent in this place.
 E = Time spent auto-exploring this place.
 F = Levels seen in this place.
 G = Mean time per level.
                   A        B        C        D        E       F      G
               +--------+--------+--------+--------+--------+-----+--------+
         Total |  19871 |  18786 |   1085 |    891 |  12992 |  26 |  764.3 |
       Dungeon |  13263 |  12474 |    789 |    711 |   9025 |  15 |  884.2 |
        Temple |     29 |     16 |     13 |      0 |      0 |   1 |   29.0 |
          Lair |   3982 |   3779 |    203 |     46 |   2663 |   5 |  796.4 |
   Spider Nest |    352 |    352 |      0 |      4 |    155 |   1 |  352.0 |
  Orcish Mines |   1348 |   1271 |     77 |      0 |   1020 |   2 |  674.0 |
       Volcano |    359 |    359 |      0 |      4 |     90 |   1 |  359.0 |
      Gauntlet |    533 |    533 |      0 |    125 |     38 |   1 |  533.0 |
               +--------+--------+--------+--------+--------+-----+--------+

Top non-repeatable levels by time:
     D:3: 1280 daAuts
     D:7: 1149 daAuts
    D:10: 1128 daAuts
     D:5: 1106 daAuts
  Lair:5: 1064 daAuts
    D:12: 1041 daAuts
     D:6: 1029 daAuts
    D:11: 956 daAuts
     D:1: 933 daAuts
   Orc:2: 930 daAuts
     D:4: 899 daAuts
  Lair:2: 863 daAuts
  Lair:4: 770 daAuts
     D:9: 729 daAuts
  Lair:1: 689 daAuts
